 Dungeon Crawl Stone Soup version 0.17.0-57-g0e89251 (webtiles) character file.

109 fredomojojo the Vexing (level 4, -5/21 HPs)
             Began as a Deep Elf Enchanter on Dec 7, 2015.
             Was an Initiate of Sif Muna.
             Slain by Edmund
             ... wielding a +0 dire flail
              (12 damage)
             ... on level 4 of the Dungeon.
             The game lasted 00:35:45 (2355 turns).

fredomojojo the Vexing (Deep Elf Enchanter)         Turns: 2355, Time: 00:35:45

Health: -5/21      AC:  3    Str:  3 (5)  XL:     4   Next: 60%
Magic:  9/12       EV: 13    Int: 20      God:    Sif Muna [......]
Gold:   190        SH:  0    Dex: 16      Spells: 4 memorised, 2 levels left

rFire  . . .     SeeInvis .     a - +1 dagger
rCold  + . .     Clarity  .     b - +1 robe
rNeg   . . .     SustAt   .     (no shield)
rPois  .         Gourm    .     (no helmet)
rElec  .         Spirit   .     (no cloak)
rCorr  .         Warding  .     (no gloves)
rMut   .         Stasis   .     (no boots)
MR     .....                    (no amulet)
Stlth  +++.......               (no ring)
                                (no ring)

@: very slightly contaminated, not resistant to hostile enchantments, fairly
stealthy
A: cold resistance 1, deterioration 1, frail 1, regeneration 1
a: Renounce Religion


You were on level 4 of the Dungeon.
You worshipped Sif Muna.
Sif Muna was noncommittal.
You were not hungry.

You visited 1 branch of the dungeon, and saw 4 of its levels.

You collected 190 gold pieces.

Inventory:

Hand Weapons
 a - a +1 dagger (weapon)
 w - a +0 hunting sling
Missiles
 g - 72 stones
 q - 2 curare-tipped needles
 r - 5 javelins
 u - 4 tomahawks of returning (quivered)
Armour
 b - a +1 robe (worn)
 i - a +0 leather armour
Scrolls
 h - 2 scrolls of magic mapping {unknown}
 j - a scroll of recharging {unknown}
 k - a scroll of amnesia {unknown}
 o - a scroll of fear {unknown}
 p - 2 scrolls of blinking {unknown}
 s - 2 scrolls of remove curse {unknown}
 y - a scroll of enchant armour {unknown}
Potions
 e - 2 potions of haste
 f - a potion of berserk rage {unknown}
 l - a potion of poison {unknown}
 m - 2 potions of might {unknown}
 n - a potion of magic {unknown}
 t - a potion of flight {unknown}
Books
 c - a book of Maledictions

   Spells                             Type                      Level
   a - Corona                         Hexes                        1
   b - Ensorcelled Hibernation        Hexes/Ice                    2
   c - Confuse                        Hexes                        3
   d - Tukima's Dance                 Hexes                        3
   e - Dazzling Spray                 Conjuration/Hexes            3
Comestibles
 d - a bread ration
 v - a meat ration
 x - 2 chunks of flesh
 z - a beef jerky


   Skills:
 + Level 1.7 Short Blades
 + Level 1.3 Throwing
 + Level 2.8 Dodging
 + Level 4.3 Stealth
 + Level 4.1 Spellcasting
 + Level 4.9 Hexes
 + Level 0.4 Ice Magic


You had 2 spell levels left.
You knew the following spells:

 Your Spells              Type           Power        Failure   Level  Hunger
a - Corona                Hex            ###....      1%          1    None
b - Ensorcelled Hibernat  Hex/Ice        ##....       10%         2    #......
c - Confuse               Hex            ###.....     8%          3    ###....
d - Tukima's Dance        Hex            ###.....     8%          3    ###....


Dungeon Overview and Level Annotations

Branches:
Dungeon (4/15)
 Temple: D:4-7

Altars:
Sif Muna
Xom

Annotations:
D:4 Edmund


Innate Abilities, Weirdness & Mutations

Your flesh is cold resistant.
Your body sometimes deteriorates upon taking damage.
You are frail (-10% HP).
Your natural rate of healing is unusually fast.


Message History

The tomahawk of returning returns to your pack!
A giant gecko comes into view.
Throwing (i - inventory. (,) - cycle):
u - 4 tomahawks of returning (quivered)
Press: ? - help, Shift-Dir - straight line, f/p - Edmund
Aim: Edmund, wielding a dire flail and wearing a scale mail (fast)
You throw a tomahawk of returning.
The tomahawk of returning hits Edmund but does no damage.
The tomahawk of returning returns to your pack!
Casting: Corona
Confirm with . or Enter, or press ? or * to list all spells.
Aiming: Ensorcelled Hibernation
Press: ? - help, Shift-Dir - straight line, f/p - Edmund
Aim: Edmund, wielding a dire flail and wearing a scale mail (fast, chance to defeat MR: 45%) Edmund resists with some effort.
Edmund hits you with a dire flail!
Ouch! That really hurt!
Your body deteriorates!
You feel weakened. Edmund hits you but does no damage.
Edmund hits you with a dire flail!
Ouch! That really hurt!
You die...

.# #.# #.# #.#
###.### # .....#
#..######.#.#
#...........######..#
##.###@##.....<.....#
#@####.######.#..
#(###Z## #.# #......#
... ............#..
........###...##
......... ...##
.(......# ## #
........#


You could see Edmund and a centaur skeleton.

Vanquished Creatures
  A worker ant (D:3)
  2 gnolls (D:1)
  2 adders (D:2)
  2 worms (D:2)
  2 giant geckos (D:2)
  An orc (D:3)
  2 ball pythons (D:1)
  3 bats
  3 giant cockroaches
  3 goblins
  5 hobgoblins
  2 quokkas (D:2)
  A giant newt (D:1)
  8 kobolds
  9 rats
46 creatures vanquished.

Notes
Turn   | Place    | Note
--------------------------------------------------------------
     0 | D:1      | fredomojojo the Deep Elf Enchanter began the quest for the Orb.
     0 | D:1      | Reached XP level 1. HP: 10/10 MP: 6/6
   175 | D:1      | Reached XP level 2. HP: 9/15 MP: 6/8
   553 | D:2      | Learned a level 2 spell: Ensorcelled Hibernation
   613 | D:2      | Found a deep blue altar of Sif Muna.
   807 | D:1      | Reached XP level 3. HP: 19/19 MP: 8/10
  1085 | D:2      | Found a shimmering altar of Xom.
  1723 | D:2      | Reached skill level 1 in Throwing
  1723 | D:2      | Reached XP level 4. HP: 24/24 MP: 11/11
  1731 | D:2      | Learned a level 3 spell: Confuse
  1744 | D:2      | Gained mutation: You are resistant to hostile enchantments. [potion of mutation]
  1744 | D:2      | Gained mutation: You are frail (-10% HP). [potion of mutation]
  1744 | D:2      | Lost mutation: You are resistant to hostile enchantments. [potion of mutation]
  1745 | D:2      | Gained mutation: Your natural rate of healing is unusually fast. [potion of mutation]
  1745 | D:2      | Gained mutation: Your flesh is cold resistant. [potion of mutation]
  1745 | D:2      | Gained mutation: Your body sometimes deteriorates upon taking damage. [potion of mutation]
  1872 | D:2      | Became a worshipper of Sif Muna the Loreminder
  2337 | D:4      | Learned a level 3 spell: Tukima's Dance
  2346 | D:4      | Noticed Edmund
  2355 | D:4      | Slain by Edmund

Action                   |  1- 3 |  4- 6 || total
-------------------------+-------+-------++-------
Melee: Dagger            |   115 |    19 ||   134
Throw: Stone             |    39 |       ||    39
       Javelin           |     1 |     2 ||     3
       Tomahawk          |       |     9 ||     9
 Cast: Corona            |    27 |     6 ||    33
       Ensorcelled Hiber |    10 |     3 ||    13
  Use: Scroll            |       |     3 ||     3
       Potion            |       |     3 ||     3
 Stab: Sleeping          |    11 |     1 ||    12
  Eat: Bread ration      |     1 |       ||     1
       Chunk             |     1 |       ||     1
